 Dungeon Crawl Stone Soup version 0.18.1-5-g4a78601 (webtiles) character file.

456 edwust the Skirmisher (level 6, -16/50 HPs)
             Began as a Mummy Fighter on May 6, 2016.
             Demolished by an ogre
             ... wielding a +0 giant spiked club
              (26 damage)
             ... on level 4 of the Dungeon on May 11, 2016.
             The game lasted 00:05:44 (3778 turns).

edwust the Skirmisher (Mummy Fighter)               Turns: 3778, Time: 00:05:44

Health: -16/50     AC:  9    Str: 21    XL:     6   Next: 77%
Magic:  6/6        EV:  7    Int:  7    God:
Gold:   154        SH:  9    Dex: 12    Spells: 0 memorised, 5 levels left

rFire  x . .     SeeInvis .     j - +3 flail
rCold  + + .     Gourm    .     b - +0 scale mail
rNeg   + + +     Faith    .     c - +0 shield
rPois  ∞         Spirit   .     (no helmet)
rElec  .         Dismiss  .     d - +0 cloak
rCorr  .         Reflect  .     k - +0 pair of gloves
SustAt .         Harm     .     (no boots)
MR     .....                    (no amulet)
Stlth  ..........               (no ring)
                                h - ring of protection from cold

@: slowed, very slow, not resistant to hostile enchantments, extremely
unstealthy
A: no food or potions, fire vulnerability, cold resistance 1, negative energy
resistance 3, torment resistance, unbreathing
a: no special abilities


You were on level 4 of the Dungeon.
You were not hungry.

You visited 1 branch of the dungeon, and saw 4 of its levels.

You collected 154 gold pieces.

Inventory:

Hand Weapons
 a - a +0 flail
 j - a +3 flail (weapon)
Armour
 b - a +0 scale mail (worn)
 c - a +0 shield (worn)
 d - a +0 cloak (worn)
 k - a +0 pair of gloves (worn)
Jewellery
 h - a ring of protection from cold (left hand)
Scrolls
 e - 2 scrolls of identify {unknown}
 f - 2 scrolls of teleportation {unknown}
 g - a scroll of blinking {unknown}
 i - a scroll of fear {unknown}
 l - a scroll of enchant weapon {unknown}


   Skills:
 + Level 4.8 Fighting
 + Level 3.2 Maces & Flails
 + Level 3.6 Armour
 + Level 3.7 Shields


You had 5 spell levels left.
You didn't know any spells.

Dungeon Overview and Level Annotations

Branches:
Dungeon (4/15)
 Temple: D:4-7

Altars:
Ashenzari
Trog
The Shining One


Innate Abilities, Weirdness & Mutations

You do not eat or drink.
Your flesh is vulnerable to fire.
You are immune to poison.
Your flesh is cold resistant.
You are immune to negative energy.
You are immune to unholy pain and torment.
You can survive without breathing.


Message History

Unknown command.
You thump the orc wizard!
You kill the orc wizard!
The orc barely misses you. The orc closely misses you.
You block the ogre's attack.
Unknown command.
You thump the orc!
You kill the orc!
The ogre barely misses you.
You hit the ogre.
The ogre is lightly wounded.
The ogre hits you with a giant spiked club!!
* * * LOW HITPOINT WARNING * * *
The ogre barely misses you.
Unknown command.
Your scale mail prevents you from hitting the ogre.
The ogre is lightly wounded.
The ogre hits you with a giant spiked club!!
Ouch! That really hurt!
You die...

#...# #...# #...# ### ..
#####...####.## ....
[...........#.## #####....
...........###.# ...#.....
............#.## #........
#####...####.######).#.....
#.<.# #...)@O)........ #)..#
#########..####.# #...#
#).....##..####.# #...#
#.####.##.......##
#...###.####............
######.........#..##.##.#.##
.......####..#.#..##.##.#.#
#.####.# ##.......##....#.#
#.####.## ......#.##.##.#.#


You could see an ogre.

Vanquished Creatures
  Edmund (D:4)
  A scorpion (D:4)
  2 howler monkeys (D:4)
  An orc wizard (D:4)
  Robin (D:3)
  5 adders
  An ooze (D:1)
  2 worms
  5 dart slugs
  2 giant geckos (D:1)
  18 orcs
  10 bats
  8 giant cockroaches
  8 hobgoblins
  3 jackals (D:3)
  6 kobolds
  3 quokkas (D:4)
  2 ball pythons
  6 giant newts
  11 goblins
  A quokka skeleton (D:4)
  9 rats
106 creatures vanquished.

Notes
Turn   | Place    | Note
--------------------------------------------------------------
     0 | D:1      | edwust the Mummy Fighter began the quest for the Orb.
     0 | D:1      | Reached XP level 1. HP: 18/18 MP: 1/1
   305 | D:1      | Reached XP level 2. HP: 20/24 MP: 2/2
   872 | D:1      | Reached XP level 3. HP: 28/29 MP: 3/3
  1139 | D:1      | Upgraded the game from 0.18.1-1-g2f07953 to 0.18.1-5-g4a78601
  1776 | D:2      | Reached XP level 4. HP: 32/37 MP: 4/4
  2021 | D:2      | Found a shattered altar of Ashenzari.
  2750 | D:3      | Reached skill level 4 in Fighting
  2773 | D:3      | Found a glowing golden altar of the Shining One.
  3067 | D:3      | Noticed Robin
  3075 | D:3      | Killed Robin
  3075 | D:3      | Reached XP level 5. HP: 36/42 MP: 5/5
  3444 | D:4      | Noticed an ogre
  3528 | D:4      | Noticed Edmund
  3539 | D:4      | Killed Edmund
  3539 | D:4      | Reached XP level 6. HP: 38/49 MP: 6/6
  3705 | D:4      | Found a bloodstained altar of Trog.
  3778 | D:4      | Demolished by an ogre

Skill      XL: |  1  2  3  4  5 |
---------------+----------------+-----
Maces & Flails | 2 3 |  3.2
Shields        | 3 |  3.7
Armour         | 3 |  3.6
Fighting       | 4 |  4.8

Action                   |  1- 3 |  4- 6 || total
-------------------------+-------+-------++-------
Melee: Flail             |   159 |   262 ||   421
Armor: Scale mail        |    89 |   110 ||   199
Dodge: Dodged            |    65 |    83 ||   148
Block: Shield            |    94 |   143 ||   237
